 Dungeon Crawl Stone Soup version 0.29.0-4-gdea44cf6ec (webtiles) character file.

Game seed: 7771729045933391543

46 qw the Chopper (level 3, 0/21 HPs)
             Began as a Tengu Warper on Aug 28, 2022.
             Killed by nerve-wracking pain
             ... invoked by Grinder
              (14 damage)
             ... on level 3 of the Dungeon.
             The game lasted 00:00:09 (1558 turns).

qw the Chopper (Tengu Warper)                       Turns: 1558, Time: 00:00:09

Health: 0/21       AC:  3    Str: 13    XL:     3   Next: 66%
Magic:  7/7        EV: 12    Int: 13    God:
Gold:   93         SH:  0    Dex: 13    Spells: 6/6 levels left

rFire   . . .      SeeInvis .   Y - +0 hand axe
rCold   . . .      Faith    .   (no shield)
rNeg    . . .      Spirit   .   b - +0 leather armour
rPois   .          Reflect  .   (helmet restricted)
rElec   .          Harm     .   (no cloak)
rCorr   .          Rampage  .   (no gloves)
Will    .....                   (boots unavailable)
Stlth   +.........              f - amulet of the acrobat
HPRegen 0.07/turn               (no ring)
MPRegen 0.10/turn               (no ring)

@: no status effects
A: beak, talons 3
a: no special abilities


You were on level 3 of the Dungeon.
You visited 1 branch of the dungeon, and saw 3 of its levels.

You collected 93 gold pieces.


Innate Abilities, Weirdness & Mutations

You have a beak for a mouth.
You have claws for feet.


   Skills:
 - Level 2.0 Fighting
 + Level 4.3 Axes
 - Level 1.0 Throwing
 - Level 1.1 Armour
 - Level 2.1 Dodging
 - Level 2.0 Spellcasting
 - Level 2.4 Translocations


You had 6 spell levels left.
You didn't know any spells.
Your spell library contained the following spells:

 Spells                   Type           Power      Damage    Failure   Level
 Blink                    Tloc           14%        N/A       19%         2
 Gell's Gravitas          Tloc           7%         N/A       36%         3
 Lesser Beckoning         Tloc           7%         N/A       36%         3
 Teleport Other           Tloc           7%         N/A       36%         3
 Manifold Assault         Tloc           7%         N/A       98%         5

Inventory:

Hand Weapons
 k - a +0 whip
 Y - a +0 hand axe (weapon)
Missiles
 e - a boomerang (quivered)
Armour
 b - a +0 leather armour (worn)
Jewellery
 f - an amulet of the acrobat (around neck)
Scrolls
 a - a scroll of identify
Potions
 d - a potion of curing {unknown}
 h - a potion of haste {unknown}
 i - a potion of cancellation
 l - a potion of resistance {unknown}

Dungeon Overview and Level Annotations

Branches:
Dungeon (3/15)

Altars:
Trog

Shops:
D:2 [

Annotations:
D:3 Grinder


Message History

You kill the adder!
1470 ||| STAIRDANCE You climb upwards.
There is a stone staircase leading down here.
You start resting.
HP restored.
Partly explored, can't reach some places.
(D) Dungeon
Where to? (* - list waypoints, Enter - D:3, ? - help)
What level of the Dungeon? (default 1, ? - help)
You climb downwards.
There is a stone staircase leading up here.
Found an escape hatch in the ceiling.
A rat comes into view.
1540 ||| Stepping ~*~*~tactically~*~*~ (stealth).
1541 ||| Stepping ~*~*~tactically~*~*~ (stealth).
1542 ||| Stepping ~*~*~tactically~*~*~ (stealth).
1543 ||| Stepping ~*~*~tactically~*~*~ (stealth).
You hit the rat.
You kill the rat!
You see here a rat corpse.
You now have 93 gold pieces (gained 3).
a - a scroll of identify Grinder comes into view.
Grinder shouts!
You hit Grinder. You peck Grinder, but do no damage.
Grinder is lightly wounded.
A ball python comes into view.
Grinder blinks!
The ball python hisses angrily.
You hit Grinder. Your kick misses Grinder. You peck Grinder.
Grinder is moderately wounded.
Grinder gestures at you. Pain shoots through your body!
You barely miss Grinder.
Grinder is moderately wounded.
Grinder gestures at you. Pain shoots through your body!
Ouch! That really hurt!
You die...

#. ##. #..###
....# # ...## .#
.S. ..##.
##5##.....
#.@........
#............
###.<..........
###..............
#...............
####.#.#.........
............##.##
..#............#
. #.....%....###
#..


You could see Grinder and a ball python.

Vanquished Creatures
  An adder (D:3)
  3 dart slugs
  4 endoplasms
  A giant cockroach (D:2)
  4 hobgoblins
  2 jackals (D:1)
  4 ball pythons
  4 bats
  A goblin (D:1)
  3 kobolds
  5 rats
32 creatures vanquished.

Vanquished Creatures (others)
  7 plants (D:2)
7 creatures vanquished.

Grand Total: 39 creatures vanquished

Notes
Turn   | Place    | Note
-------+----------+-------------------------------------------
     0 | D:1      | qw the Tengu Warper began the quest for the Orb.
     0 | D:1      | Reached XP level 1. HP: 12/12 MP: 4/4
     0 | D:1      | 0 ||| qw: Version: 0.1-a-89-g26bdef1
     0 | D:1      | 0 ||| qw: Game counter: 2793
     0 | D:1      | 0 ||| qw: Always use a shield: true
     0 | D:1      | 0 ||| qw: God list: Okawaru
     0 | D:1      | 0 ||| qw: Allow faded altars: false
     0 | D:1      | 0 ||| qw: Do Orc after D:15 true
     0 | D:1      | 0 ||| qw: Do second Lair branch before Depths: true
     0 | D:1      | 0 ||| qw: Lair rune preference: random
     0 | D:1      | 0 ||| qw: Plans: Normal
     0 | D:1      | 0 ||| PLANNING D:1-11
    40 | D:1      | 40 ||| Stepping ~*~*~tactically~*~*~ (stealth).
   101 | D:1      | 101 ||| Stepping ~*~*~tactically~*~*~ (stealth).
   161 | D:1      | 161 ||| Stepping ~*~*~tactically~*~*~ (stealth).
   167 | D:1      | 167 ||| Stepping ~*~*~tactically~*~*~ (stealth).
   217 | D:1      | Reached XP level 2. HP: 17/17 MP: 6/6
   222 | D:1      | Reached skill level 3 in Axes
   234 | D:1      | 234 ||| DROPPING +0 club.
   508 | D:1      | 508 ||| UPGRADING to amulet of the acrobat.
   513 | D:1      | 513 ||| READING 5 scrolls labelled APUBUCHIKIE.
   514 | D:1      | 514 ||| READING scroll labelled WAOGHEORID.
   515 | D:1      | 515 ||| READING scroll labelled PAHOUPSU YQACE.
   516 | D:1      | 516 ||| DROPPING 4 scrolls of fear.
   517 | D:1      | 517 ||| DROPPING scroll of blinking.
   616 | D:2      | 616 ||| Stepping ~*~*~tactically~*~*~ (stealth).
   617 | D:2      | 617 ||| Stepping ~*~*~tactically~*~*~ (stealth).
   621 | D:2      | 621 ||| Stepping ~*~*~tactically~*~*~ (stealth).
   622 | D:2      | 622 ||| Stepping ~*~*~tactically~*~*~ (stealth).
   624 | D:2      | 624 ||| Stepping ~*~*~tactically~*~*~ (stealth).
   630 | D:2      | Reached XP level 3. HP: 17/21 MP: 7/7
   781 | D:2      | Found a bloodstained altar of Trog.
   932 | D:2      | Found Qipi's Antique Armour Boutique.
   942 | D:2      | 942 ||| SHOPLISTING embroidered robe (99 gold, have 76).
   942 | D:2      | 942 ||| SHOPLISTING ring mail (108 gold, have 76).
   942 | D:2      | 942 ||| SHOPLISTING scale mail (108 gold, have 76).
  1025 | D:2      | 1025 ||| Stepping ~*~*~tactically~*~*~ (hiding).
  1154 | D:2      | 1154 ||| READING 2 scrolls labelled SANGEE OFYI.
  1278 | D:2      | 1278 ||| READING scroll labelled ITIZER ZUTYF.
  1279 | D:2      | 1279 ||| DRINKING 2 clear potions.
  1280 | D:2      | 1280 ||| DROPPING scroll of torment.
  1307 | D:3      | 1307 ||| Stepping ~*~*~tactically~*~*~ (hiding).
  1377 | D:3      | Reached skill level 4 in Axes
  1379 | D:3      | 1379 ||| FLEEEEING.
  1380 | D:3      | 1380 ||| FLEEEEING.
  1381 | D:3      | 1381 ||| STAIRDANCE
  1470 | D:3      | 1470 ||| STAIRDANCE
  1540 | D:3      | 1540 ||| Stepping ~*~*~tactically~*~*~ (stealth).
  1541 | D:3      | 1541 ||| Stepping ~*~*~tactically~*~*~ (stealth).
  1542 | D:3      | 1542 ||| Stepping ~*~*~tactically~*~*~ (stealth).
  1543 | D:3      | 1543 ||| Stepping ~*~*~tactically~*~*~ (stealth).
  1554 | D:3      | Noticed Grinder
  1558 | D:3      | Killed from afar by Grinder

Levels and vault maps discovered:
D:1:      nzn_arrival_settlement, layout_basic
D:2:      layout_rooms, serial_forest, infiniplex_forest_clump_C,
          infiniplex_forest_join, infiniplex_forest_clump_tiny,
          infiniplex_forest_clump_medium, infiniplex_forest_clump_medium,
          infiniplex_forest_clump_tiny, basic_altar, serial_shops,
          nicolae_lakefront_shop
D:3:      layout_rooms, uniq_jessica, uniq_grinder, uniq_ijyb

Skill      XL: |  1  2  3 |
---------------+----------+-----
Axes           | 3 4 |  4.3
Fighting       | |  2.0
Throwing       | |  1.0
Armour         | |  1.1
Dodging        | |  2.1
Spellcasting   | |  2.0
Translocations | |  2.4

Action                   || total
-------------------------++-------
Melee: Hand axe          ||    47
       Peck              ||     9
       Kick              ||     8
       Punch             ||     1
Throw: Boomerang         ||    36
  Use: Scroll            ||     5
       Potion            ||     1
Armor: Leather armour    ||     5
Dodge: Dodged            ||    30

Table legend:
 A = Non-vault XP
 B = Vault XP
 C = Vault XP percentage of total XP
 D = Non-vault monster count
 E = Vault monster count
 F = Vault count percentage of total count
                 A         B        C        D         E       F
            +---------+---------+-------+---------+---------+-------
      Total |      66 |       0 |   0.0 |      32 |       0 |   0.0
            +---------+---------+-------+---------+---------+-------
        D:1 |      26 |       0 |   0.0 |      15 |       0 |   0.0
        D:2 |      17 |       0 |   0.0 |      11 |       0 |   0.0
        D:3 |      23 |       0 |   0.0 |       6 |       0 |   0.0
            +---------+---------+-------+---------+---------+-------
